 Dungeon Crawl Stone Soup version 0.18-a0-481-g9a22f0c (webtiles) character file.

1847551 Mindmaker the Impregnable (level 27, 224/224 HPs)
             Began as a Human Fighter on Nov 30, 2015.
             Was the Champion of Zin.
             Escaped with the Orb
             ... and 4 runes on Dec 3, 2015!
             The game lasted 10:50:51 (109158 turns).

Mindmaker the Impregnable (Human Fighter)         Turns: 109158, Time: 10:50:51

Health: 224/224    AC: 39    Str: 22    XL:     27
Magic:  28/28      EV: 27    Int: 11    God:    Zin [******]
Gold:   1743       SH: 17    Dex: 21    Spells: 0 memorised, 26 levels left

rFire  + + +     SeeInvis .     A - +9 eudemon blade (holy)
rCold  + . .     Clarity  +     u - +6 fire dragon armour
rNeg   . . .     SustAt   .     k - +0 shield {reflect}
rPois  .         Gourm    .     L - +1 helmet
rElec  .         Spirit   .     v - +1 cloak {MR+}
rCorr  .         Dismiss  .     d - +0 pair of gloves of the Vestibule of Hell {MR+ Str+3} (curse)
rMut   .         Stasis   .     z - +2 pair of boots {run}
MR     ++++.                    l - amulet of clarity
Stlth  ..........               y - ring of Insomnia {rC++ MP-9 AC+5}
                                E - ring of protection from fire

@: quick, incredibly resistant to hostile enchantments, extremely unstealthy
A: no striking features
a: Recite, Vitalisation, Imprison, Sanctuary, Donate Gold, Cure All Mutations,
Renounce Religion
0: Orb of Zot
}: 4/15 runes: barnacled, silver, abyssal, gossamer


You escaped.
You worshipped Zin.
Zin was exalted by your worship.
You were not hungry.

You visited 10 branches of the dungeon, and saw 54 of its levels.
You visited the Abyss 1 time.
You also visited: Trove, Volcano and Wizlab.

You collected 9279 gold pieces.
You spent 6807 gold pieces at shops.
You donated 729 gold pieces to Zin.

Inventory:

Hand Weapons
 A - a +9 eudemon blade of holy wrath (weapon)
 P - a +9 double sword of electrocution
Armour
 d - the cursed +0 pair of gloves of the Vestibule of Hell (worn) {MR+ Str+3}
   (You bought it in a shop on level 1 of the Depths)

   It affects your strength (+3).
   It affects your resistance to hostile enchantments.
   It has a curse placed upon it.
 k - a +0 shield of reflection (worn)
 u - a +6 fire dragon armour (worn)
 v - a +1 cloak of magic resistance (worn)
 z - a +2 pair of boots of running (worn)
 L - a +1 helmet (worn)
Jewellery
 c - a ring of the Octopus King {SustAt AC+1 EV+1 Str+1 Int+1 Dex+1}
   (You took it off a siren on level 4 of the Shoals)

   [ring of sustain attributes]

   It sustains your strength, intelligence and dexterity.
   It affects your AC (+1).
   It affects your evasion (+1).
   It affects your strength (+1).
   It affects your intelligence (+1).
   It affects your dexterity (+1).
 l - an amulet of clarity (around neck)
 n - an uncursed ring of teleportation
 o - an uncursed amulet of dismissal
 p - an uncursed amulet of guardian spirit
 w - the amulet "Vump" {Gourm -Tele rElec Str+5}
   (You found it on level 3 of the Elven Halls)

   [amulet of the gourmand]

   It allows you to eat raw meat even when not hungry.
   It affects your strength (+5).
   It insulates you from electricity.
   It prevents most forms of teleportation.
 y - the ring of Insomnia (right hand) {rC++ MP-9 AC+5}
   (You found it on level 3 of the Spider Nest)

   [ring of protection]

   It affects your AC (+5).
   It greatly protects you from cold.
   It affects your magic capacity (-9).
 B - an uncursed ring of protection from cold
 E - a ring of protection from fire (left hand)
 N - an uncursed ring of protection from fire
 Q - an uncursed ring of positive energy
 V - an uncursed ring of see invisible
 Z - an uncursed ring of positive energy
Wands
 q - a wand of disintegration (11)
 R - a wand of digging (12)
 T - a wand of teleportation (4)
Scrolls
 a - 2 scrolls of blinking
 b - 3 scrolls of immolation
 f - 3 scrolls of holy word
 j - 8 scrolls of identify
 C - 13 scrolls of remove curse
 D - a scroll of fear
 F - 3 scrolls of teleportation
 H - 6 scrolls of magic mapping
 J - a scroll of summoning
 X - 5 scrolls of fog
Potions
 g - a potion of flight
 s - 22 potions of curing
 t - a potion of agility
 G - 6 potions of cancellation
 I - 2 potions of berserk rage
 K - a potion of might
 M - 4 potions of heal wounds
 Y - a potion of resistance
Comestibles
 e - a bread ration
 h - 3 royal jellies
 i - a chunk of flesh


   Skills:
 - Level 20.0 Fighting
 - Level 20.2 Long Blades
 + Level 23.4 Armour
 - Level 20.0 Dodging
 - Level 20.4 Shields
 - Level 20.0 Invocations


You had 26 spell levels left.
You didn't know any spells.

Dungeon Overview and Level Annotations

Branches:
Dungeon (15/15)            Temple (1/1) D:6            Lair (8/8) D:10
 Shoals (4/4) Lair:6       Spider (4/4) Lair:6        Slime (0/6) Lair:7
    Orc (4/4) D:12            Elf (3/3) Orc:4        Vaults (5/5) D:14
  Crypt (0/3) Vaults:3     Depths (5/5) D:15            Zot (5/5) Depths:5

Altars:
Ashenzari
Cheibriados
Dithmenos
Elyvilon
Fedhas
Gozag
Kikubaaqudgha
Makhleb
Nemelex Xobeh
Okawaru
Qazlal
Ru
Sif Muna
Trog
Vehumet
Xom
Yredelemnul
Zin
The Shining One
Beogh
Jiyva

Shops:
D:6 *   D:12 }   D:14 =   Orc:1 (   Orc:4 ([*:[   Shoals:1 [   Vaults:5 (
Depths:1 ??:=[   Depths:2 *=   Depths:4 !

Portals:
Hell: Depths:1 Depths:2 Depths:3 Depths:4 Depths:5
Abyss: Depths:4
Pandemonium: Depths:2 Depths:3 Depths:4
Ziggurat: Depths:4

Annotations:
D:2 Sigmund
D:8 Vault
Depths:2 3 runed doors
Zot:5 Leszczynek's ghost, legendary GrFi


Message History

The smoke demon is heavily wounded.
You slash the smoke demon!
The smoke demon convulses!
You kill the smoke demon!
A rat comes into view.
You block the rat's attack.
There is a stone staircase leading up here.
You see here 2 stones.
You climb upwards.
There is a stone staircase leading down, spattered with blood here.
Remove which piece of jewellery? (? for menu, Esc to quit)
Okay, then.
Evoke which item? (* to show all) (? for menu, Esc to quit)
Zapping:
R - a wand of digging (13)
Press: ? - help, Shift-Dir - straight line The rock shatters into small pieces.
This wand has 12 charges left.
An Orb Guardian comes into view.
An orange demon comes into view.
There is a staircase leading out of the dungeon here.
The Orb Guardian hits you but does no damage.
You have escaped!

#.# ###.....# #.....
#.#####.......# #.##.#
##.##....#.....# #.##.#
#..##.##.......# #.#..#
#..............# #.#.##
##..≈≈≈≈≈≈≈..##.# #.#.##
##..≈≈.....≈≈..#.###...[.
#..≈≈.......≈≈.....###.##
##.≈≈....@.8..≈≈....# #.#
#..≈..8..X..♣..≈....###.#
####..≈...........≈........#
#####.....≈≈.........≈≈.....####
...........≈≈.♣..8..≈≈......#
#####.......≈≈....♣≈≈.......#
####.#...≈≈≈.≈≈≈......#.#
#.........4..........# #
####...............### ##


You could see an Orb Guardian and an orange demon.

Vanquished Creatures
  4 ancient liches
  An orb of fire (Zot:5)
  Mara (Depths:4)
  A juggernaut (Depths:4)
  Norris (Depths:3)
  A caustic shrike (Depths:4)
  2 Killer Klowns
  13 golden dragons
  A pandemonium lord (Depths:4)
  Nikola (Spider:2)
  A bone dragon (Abyss:3)
  Arachne (Spider:3)
  A Hellbinder (WizLab)
  An electric golem (Zot:3)
  Jorgrun (Shoals:4)
  A Hell Sentinel (Abyss:3)
  4 liches
  14 tentacled monstrosities
  21 Orb Guardians
  6 deep elf blademasters
  4 quicksilver dragons
  2 deep elf master archers (Elf:3)
  3 tentacled starspawn (Abyss:3)
  2 krakens
  Polyphemus (Shoals:1)
  5 titans
  11 death cobs
  5 tengu reavers
  7 shadow dragons
  Frances (Elf:1)
  8 sphinxes
  Kirke (Shoals:2)
  4 draconian monks
  13 storm dragons
  Ilsuiw (Shoals:4)
  A daeva (Depths:4)
  A revenant (Abyss:3)
  3 orc warlords
  17 frost giants
  14 fire giants
  3 draconian knights
  Donald (Shoals:4)
  Maud (D:11)
  11 vault wardens
  3 draconian scorchers
  6 ghost moths
  10 deep elf sorcerers
  2 iron dragons
  A ghost moth (shapeshifter) (Vaults:4)
  3 balrugs
  3 reapers
  5 emperor scorpions
  2 spriggan defenders (Depths:3)
  8 ironheart preservers
  2 angels (Depths:4)
  A draconian annihilator (Zot:4)
  14 very ugly things
  2 war gargoyles
  6 draconian callers
  A salamander stormcaller (Vaults:4)
  25 stone giants
  An ophan (Abyss:3)
  9 green draconians
  3 black draconians
  7 red draconians
  4 deep elf demonologists
  3 dire elephants (Lair:8)
  8 yellow draconians
  7 mottled draconians
  16 spark wasps
  10 purple draconians
  7 white draconians
  8 deep elf annihilators
  2 blizzard demons
  35 vault guards
  13 merfolk impalers
  4 merfolk javelineers
  11 deep elf death magi
  17 ogre magi
  20 fire dragons
  4 jiangshi
  10 great orbs of eyes
  Josephine (Shoals:1)
  15 yaktaur captains
  10 ettins
  7 hydras
  10 entropy weavers
  A ghost crab (shapeshifter) (Vaults:4)
  10 rakshasas
  5 deep elf high priests
  Erolcha (D:8)
  11 ice dragons
  4 merfolk avatars
  2 catoblepae
  3 hell beasts
  A monstrous demonspawn (Depths:3)
  4 spriggan air magi
  An alligator (shapeshifter) (Depths:3)
  An anaconda (Lair:8)
  11 centaur warriors
  6 merfolk aquamancers
  A queen ant (shapeshifter) (Vaults:4)
  4 vampire magi
  14 dancing weapons (Elf:2)
  11 deep troll shamans
  10 death yaks
  3 tengu warriors
  3 thrashing horrors (Abyss:3)
  2 satyrs (Shoals:3)
  7 spriggan berserkers
  6 deep troll earth magi
  24 large abominations
  A sun demon (Abyss:3)
  5 hell hogs (Abyss:3)
  4 orc high priests
  Nergalle (Lair:2)
  8 hell knights
  20 deep elf knights
  5 iron trolls
  A storm dragon skeleton (Vaults:2)
  5 wretched stars (Abyss:3)
  3 fire crabs
  A fire crab (shapeshifter) (Depths:4)
  3 soul eaters (WizLab)
  3 skeletal warriors
  2 shadow wraiths
  A spark wasp zombie (Depths:1)
  3 spatial maelstroms (Abyss:3)
  28 deep trolls
  An unseen horror (shapeshifter) (Depths:1)
  4 giant orange brains
  3 hill giants
  3 unseen horrors
  15 sea snakes
  2 orange crystal statues
  2 flayed ghosts
  5 phantasmal warriors
  3 deep elf summoners
  A torturous demonspawn (Depths:3)
  Pikel (D:7)
  16 orc knights
  A mana viper (shapeshifter) (Depths:5)
  23 wolf spiders
  5 necromancers
  4 wizards
  16 deep elf conjurers
  5 orc sorcerers
  26 orb spiders
  8 harpies
  20 ironbrand convokers
  2 orb spiders (shapeshifter) (Vaults:2)
  A manticore (shapeshifter) (Depths:2)
  A hornet (shapeshifter) (Vaults:5)
  14 fauns
  5 cyclopes
  29 slime creatures
  A salamander (shapeshifter) (Depths:1)
  14 hornets
  23 moths of wrath
  21 griffons
  2 sixfirhies (Abyss:3)
  A worldbinder (Abyss:3)
  A frost giant skeleton (Depths:1)
  7 sirens
  33 elephants
  A moth of wrath (shapeshifter) (Depths:2)
  5 water nymphs
  24 manticores
  8 black mambas
  9 smoke demons
  An octopode (shapeshifter) (D:15)
  15 vault sentinels
  36 ugly things
  2 apocalypse crabs (Abyss:3)
  An eye of devastation (shapeshifter) (Depths:1)
  A guardian serpent (shapeshifter) (Depths:3)
  14 spiny frogs
  A storm dragon simulacrum (Vaults:3)
  7 torpor snails
  4 kobold demonologists
  2 orange demons
  6 molten gargoyles
  An eye of devastation (Abyss:3)
  5 centaur skeletons
  4 hellwings (Abyss:3)
  A salamander skeleton (Vaults:2)
  9 komodo dragons
  59 yaktaurs
  2 human zombies
  17 demonic crawlers
  2 gargoyles
  3 komodo dragons (shapeshifter)
  8 ancient zymes (Abyss:3)
  7 fire drakes
  5 red devils
  2 hellions
  A yaktaur skeleton (Vaults:5)
  7 trolls
  2 tormentors
  A troll (shapeshifter) (Depths:2)
  43 merfolk
  The ghost of Arkorax the Nimble, a novice SpGl of Okawaru (D:6)
  35 jumping spiders
  20 raiju (Abyss:3)
  2 freezing wraiths
  5 ice devils
  A wind drake (Shoals:4)
  4 tengu conjurers
  2 jumping spiders (shapeshifter)
  3 silent spectres (Abyss:3)
  4 polar bears
  A boulder beetle (shapeshifter) (Depths:3)
  Grinder (D:4)
  33 deep elf priests
  An ettin zombie (Vaults:2)
  12 snapping turtles
  11 boulder beetles
  24 two-headed ogres
  32 blink frogs
  6 hogs
  6 wraiths
  5 flying skulls (Abyss:3)
  2 shadows
  A yak (shapeshifter) (Depths:3)
  7 spriggans
  Sigmund (D:2)
  A centaur simulacrum (D:15)
  A redback (shapeshifter) (Depths:3)
  A spriggan (shapeshifter) (Elf:2)
  6 air elementals
  A frost giant simulacrum (Vaults:4)
  An ettin skeleton (Vaults:5)
  60 redbacks
  2 tarantellas (shapeshifter)
  An ice dragon skeleton (Depths:1)
  21 trapdoor spiders
  29 deep elf fighters
  31 tarantellas
  10 ynoxinuls
  An elf skeleton (Vaults:5)
  21 water elementals
  A fire dragon skeleton (Depths:1)
  Eustachio (D:4)
  21 deep elf magi
  7 neqoxecs
  3 chaos spawn (Abyss:3)
  A fire bat (Volcano)
  56 yaks
  17 wyverns
  31 hippogriffs
  A hippogriff (shapeshifter) (Vaults:1)
  4 hungry ghosts
  12 vampire mosquitoes
  11 swamp worms (Lair:1)
  6 basilisks
  A spatial vortex (Abyss:3)
  A steam dragon (D:14)
  5 wargs
  16 wolves
  An insubstantial wisp (Abyss:3)
  3 soldier ants
  3 mottled dragons
  3 hell hounds
  Duvessa (D:4)
  A black bear (Lair:4)
  14 porcupines
  71 ogres
  3 phantoms
  14 water moccasins
  7 sky beasts
  8 wasps
  56 orc warriors
  4 ice beasts
  2 eyes of draining
  7 boggarts
  22 crocodiles
  A swamp dragon zombie (Abyss:3)
  2 human skeletons
  A centaur (shapeshifter) (D:14)
  An ettin simulacrum (Vaults:3)
  21 centaurs
  A giant frog (shapeshifter) (Depths:1)
  2 big kobolds (D:7)
  Dowan (D:4)
  36 giant frogs
  11 scorpions
  An elf zombie (Vaults:4)
  12 wights
  2 quasits
  4 electric eels
  4 centaur zombies
  9 crimson imps
  A giant frog zombie (D:8)
  2 giant frog skeletons
  16 starcursed masses (Abyss:3)
  2 iron imps
  Crazy Yiuf (D:4)
  8 iguanas
  10 hounds
  7 jellies
  37 orc wizards
  12 worker ants
  An iguana (shapeshifter) (Vaults:4)
  Terence (D:3)
  41 orc priests
  6 hell rats (Lair:8)
  51 sheep
  28 small abominations
  A hound zombie (D:6)
  A hound skeleton (D:9)
  9 adders
  12 gnolls
  61 river rats
  3 shadow imps
  2 white imps (Abyss:3)
  4 ufetubi
  3 adder skeletons
  12 worms
  217 orcs
  7 giant cockroaches
  9 goblins
  3 hobgoblins
  20 jackals
  2 quokkas
  2 ball pythons
  9 bats
  4 giant geckos
  A giant gecko skeleton (D:4)
  A giant newt (shapeshifter) (Depths:2)
  9 giant newts
  16 kobolds
  2 quokka skeletons
  3 rats
  2 crawling corpses (Vaults:5)
  A fungus (Lair:8)
  A pillar of salt (Depths:1)
  4 plants
  11 tentacles
2995 creatures vanquished.

Vanquished Creatures (collateral kills)
  An ironheart preserver (Vaults:5)
  A spark wasp (Depths:2)
  A fire dragon (Zot:2)
  2 thrashing horrors (Abyss:3)
  A deep elf conjurer (Elf:3)
  A guardian serpent (Abyss:3)
  A yaktaur (Depths:2)
  A harpy zombie (Abyss:3)
  2 starcursed masses (Abyss:3)
  A hippogriff (Lair:1)
  A deep elf fighter (Elf:3)
  An orc warrior (Vaults:5)
  A large abomination (Abyss:3)
  An iguana (Lair:1)
  A river rat (Lair:1)
17 creatures vanquished.

Vanquished Creatures (others)
  4 deep elf master archers (Elf:3)
  An eldritch tentacle (Depths:4)
  A fire giant (Vaults:5)
  A draconian scorcher (Depths:5)
  2 black draconians
  A mottled draconian (Zot:5)
  5 merfolk javelineers (Shoals:4)
  A deep elf high priest (Elf:3)
  4 yaktaur captains
  An ogre mage (Depths:2)
  A centaur warrior (Depths:1)
  A tengu zombie (Depths:1)
  2 ironbrand convokers
  A wolf spider (D:15)
  A worldbinder (Abyss:3)
  An orange demon (Abyss:3)
  A red devil (Abyss:3)
  10 yaktaurs
  A polar bear (Orc:1)
  A snapping turtle (Shoals:4)
  2 deep elf fighters
  2 boggarts
  2 small abominations (Abyss:3)
  2 slaves (D:8)
  A centaur (Vaults:1)
  An eye of draining (Abyss:3)
  An orc warrior (Orc:4)
  3 ogres
  A scorpion (D:14)
  6 orcs
  A rat (D:3)
  77 eldritch tentacle segments (Depths:4)
  2 fulminant prisms (Zot:5)
  30 fungi
  A lurking horror (Abyss:3)
  6 pillars of salt
  105 plants
  27 starspawn tentacles (Abyss:3)
  92 starspawn tentacle segments (Abyss:3)
  42 tentacles
  3868 tentacle segments
4313 creatures vanquished.

Grand Total: 7325 creatures vanquished

Notes
Turn   | Place    | Note
--------------------------------------------------------------
     0 | D:1      | Mindmaker the Human Fighter began the quest for the Orb.
     0 | D:1      | Reached XP level 1. HP: 18/18 MP: 1/1
   163 | D:1      | Reached XP level 2. HP: 8/24 MP: 2/2
   909 | D:2      | Reached XP level 3. HP: 29/29 MP: 3/3
  1035 | D:2      | Found a glowing silver altar of Zin.
  1036 | D:2      | Found a glowing golden altar of the Shining One.
  1038 | D:2      | Found a sacrificial altar of Ru.
  1045 | D:2      | Became a worshipper of Zin the Law-Giver
  1170 | D:2      | Found a shadowy altar of Dithmenos.
  1248 | D:2      | Noticed Sigmund
  1437 | D:2      | Reached skill level 4 in Long Blades
  1437 | D:2      | Reached XP level 4. HP: 35/35 MP: 4/4
  1779 | D:2      | Reached * piety under Zin
  2272 | D:3      | Noticed Terence
  2296 | D:3      | Killed Terence
  2296 | D:3      | Reached skill level 1 in Dodging
  3137 | D:2      | Reached XP level 5. HP: 41/41 MP: 5/5
  3173 | D:2      | Killed Sigmund
  3173 | D:2      | Reached XP level 6. HP: 42/47 MP: 6/6
  3528 | D:3      | Reached skill level 5 in Dodging
  3590 | D:3      | Noticed an ice beast
  3613 | D:3      | Killed an ice beast
  3613 | D:3      | Reached XP level 7. HP: 25/52 MP: 7/7
  3999 | D:4      | Reached ** piety under Zin
  4010 | D:4      | Noticed Eustachio
  4035 | D:4      | Killed Eustachio
  4035 | D:4      | Reached skill level 5 in Armour
  4072 | D:4      | Noticed Duvessa
  4073 | D:4      | Noticed Dowan
  4329 | D:4      | Noticed Crazy Yiuf
  4385 | D:4      | Found a deep blue altar of Sif Muna.
  4445 | D:4      | Reached skill level 6 in Armour
  4475 | D:4      | Reached XP level 8. HP: 58/58 MP: 8/8
  4543 | D:4      | Killed Crazy Yiuf
  4608 | D:4      | Reached *** piety under Zin
  4681 | D:4      | Noticed Grinder
  4692 | D:4      | Killed Duvessa
  4692 | D:4      | Reached skill level 5 in Long Blades
  4693 | D:4      | Killed Dowan
  4720 | D:4      | Killed Grinder
  4825 | D:5      | Entered Level 5 of the Dungeon
  5020 | D:5      | Reached skill level 7 in Long Blades
  5349 | D:5      | Found a shattered altar of Ashenzari.
  5516 | D:5      | Reached XP level 9. HP: 65/65 MP: 9/9
  5902 | D:6      | Reached skill level 5 in Fighting
  5919 | D:6      | Found a shimmering altar of Xom.
  6033 | D:6      | Found a basalt altar of Yredelemnul.
  6289 | D:6      | Found Hotz's Assorted Antiques.
  6295 | D:6      | Bought a lumpy purple potion for 19 gold pieces
  6295 | D:6      | Bought an ivory wand for 88 gold pieces
  6295 | D:6      | Bought a scroll of blinking for 165 gold pieces
  6348 | D:6      | Found a radiant altar of Vehumet.
  6348 | D:6      | Found a burning altar of Makhleb.
  6452 | D:6      | Noticed Arkorax's ghost (novice SpGl)
  6496 | D:6      | Killed Arkorax's ghost
  6716 | D:6      | Found a staircase to the Ecumenical Temple.
  6725 | Temple   | Entered the Ecumenical Temple
  7101 | D:7      | Reached skill level 5 in Shields
  7199 | D:7      | Reached **** piety under Zin
  7260 | D:7      | Reached XP level 10. HP: 79/79 MP: 10/10
  7370 | D:7      | Found an iron altar of Okawaru.
  7709 | D:7      | Reached skill level 8 in Armour
  7836 | D:7      | Found a glowing golden altar of the Shining One.
  8163 | D:8      | Noticed an iron golem
  8163 | D:8      | Noticed an iron golem
  8163 | D:8      | Noticed an iron golem
  8163 | D:8      | Noticed an iron golem
  8183 | D:8      | Noticed Pikel
  8192 | D:8      | Noticed Erolcha
  8213 | D:7      | Killed Pikel
  8240 | D:8      | Killed Erolcha
  8305 | D:8      | Reached skill level 9 in Dodging
  8430 | D:8      | Reached ***** piety under Zin
  8595 | D:8      | Found a shattered altar of Ashenzari.
  8790 | D:9      | Reached XP level 11. HP: 84/84 MP: 11/11
  9524 | D:9      | Found a snail-covered altar of Cheibriados.
  9552 | D:10     | Entered Level 10 of the Dungeon
 10013 | D:10     | Reached skill level 10 in Long Blades
 10304 | D:10     | Found a staircase to the Lair.
 11028 | Lair:1   | Entered Level 1 of the Lair of Beasts
 11892 | Lair:1   | Reached XP level 12. HP: 55/92 MP: 12/12
 12471 | Lair:1   | Reached skill level 10 in Armour
 13929 | Lair:2   | Noticed Nergalle
 13986 | Lair:2   | Killed Nergalle
 13986 | Lair:2   | Reached skill level 11 in Armour
 14609 | Lair:2   | Reached skill level 10 in Dodging
 15407 | Lair:3   | Reached skill level 10 in Fighting
 15844 | Lair:3   | Reached XP level 13. HP: 103/103 MP: 13/13
 16399 | Lair:4   | Reached ****** piety under Zin
 17449 | D:11     | Noticed Maud
 17543 | D:11     | Killed Maud
 18968 | D:12     | Reached skill level 10 in Shields
 19056 | D:12     | Found Gemastred's Gadget Shop.
 19073 | D:12     | Reached skill level 1 in Invocations
 19412 | D:12     | Got a crystal shortbow
 19420 | D:12     | Identified the +7 shortbow of Beogh's Delight {speed, MP+9 Int+2 Dex+4 SInv} (You found it on level 12 of the Dungeon)
 19442 | D:12     | Found a staircase to the Orcish Mines.
 19906 | Orc:1    | Entered Level 1 of the Orcish Mines
 20556 | Orc:2    | Reached skill level 5 in Invocations
 20639 | Orc:2    | Found a roughly hewn altar of Beogh.
 20729 | Orc:1    | Found Otilio's Weapon Emporium.
 21647 | Lair:4   | Reached XP level 14. HP: 95/110 MP: 16/18
 22388 | Lair:4   | Reached skill level 12 in Long Blades
 22492 | Lair:4   | Got a blackened chain mail
 22509 | Lair:4   | Identified the +5 chain mail of Shadows and Fog {rPois MP+9 Slay+2} (You found it on level 4 of the Lair of Beasts)
 23225 | Lair:5   | Found a dark tunnel.
 23233 | Volcano  | Entered a volcano
 23643 | Volcano  | Found a radiant altar of Vehumet.
 25331 | Lair:6   | Found a staircase to the Shoals.
 25493 | Lair:6   | Found a hole to the Spider Nest.
 25582 | Lair:6   | Reached XP level 15. HP: 110/115 MP: 22/22
 25940 | Lair:7   | Reached skill level 10 in Invocations
 26293 | Lair:7   | Found a viscous altar of Jiyva.
 26336 | Lair:7   | Found a staircase to the Slime Pits.
 26742 | Lair:8   | Entered Level 8 of the Lair of Beasts
 27284 | Lair:8   | Reached skill level 13 in Long Blades
 28181 | Lair:8   | Reached skill level 14 in Long Blades
 28755 | Lair:8   | Reached XP level 16. HP: 121/125 MP: 23/23
 29168 | Lair:8   | Got a twisted flail
 29169 | Lair:8   | Identified the +8 flail of Icifok {crush, +Blink} (You found it on level 8 of the Lair of Beasts)
 31143 | D:14     | Found Oduugradd's Jewellery Shoppe.
 31202 | D:14     | Found a stormy altar of Qazlal.
 31304 | D:14     | Found a gate to the Vaults.
 33080 | Orc:4    | Entered Level 4 of the Orcish Mines
 33132 | Orc:4    | Found Ekaur's Armour Shoppe.
 33261 | Orc:4    | Bought a +0 buckler of fire resistance for 184 gold pieces
 33333 | Orc:4    | Found a staircase to the Elven Halls.
 35240 | Orc:4    | Found Ogis's Antique Armour Emporium.
 35241 | Orc:4    | Found Lollol's Antique Weapon Emporium.
 35242 | Orc:4    | Found Xyxizimupp's General Store.
 35242 | Orc:4    | Found Okhlydeg's Book Shoppe.
 35246 | Orc:4    | Bought 2 scrolls of teleportation for 96 gold pieces
 35246 | Orc:4    | Bought a potion of curing for 48 gold pieces
 35246 | Orc:4    | Bought a potion of heal wounds for 80 gold pieces
 35256 | Orc:4    | Bought a shiny chain mail for 117 gold pieces
 35280 | Orc:4    | Bought a runed long sword for 73 gold pieces
 35629 | D:15     | Entered Level 15 of the Dungeon
 35982 | D:15     | Reached XP level 17. HP: 118/133 MP: 24/24
 36458 | D:15     | Found Hugoev's General Store.
 36536 | D:15     | Found a staircase to the Depths.
 36733 | Depths:1 | Entered Level 1 of the Depths
 37066 | Spider:1 | Entered Level 1 of the Spider Nest
 37569 | Spider:1 | Got a dazzling great mace
 37575 | Spider:1 | Identified the cursed +1 great mace of Dissolution {antimagic, +Inv rC+ rN+} (You found it on level 1 of the Spider Nest)
 38927 | Spider:2 | Noticed Nikola
 39962 | Spider:2 | Killed Nikola
 40944 | Spider:3 | Noticed Arachne
 40968 | Spider:3 | Killed Arachne
 41476 | Spider:3 | Got a scintillating granite ring
 41477 | Spider:3 | Identified the ring of Insomnia {rC++ MP-9 AC+5} (You found it on level 3 of the Spider Nest)
 42285 | Spider:3 | Reached XP level 18. HP: 140/140 MP: 27/27
 42947 | Spider:4 | Entered Level 4 of the Spider Nest
 46914 | Spider:4 | Got a gossamer rune of Zot
 47192 | Shoals:1 | Entered Level 1 of the Shoals
 47412 | Shoals:1 | Found Ereavvay's Armour Shop.
 47466 | Shoals:1 | Bought the +2 pair of boots of the Dice {MR+ Str+4} for 461 gold pieces
 47489 | Shoals:1 | Bought the +4 plate armour of Roont {+Blink rF+ Int+2 Dex+4} for 995 gold pieces
 47952 | Shoals:1 | Noticed Josephine
 47976 | Shoals:1 | Reached XP level 19. HP: 122/152 MP: 13/28
 47994 | Shoals:1 | Killed Josephine
 47998 | Shoals:1 | You fall through a shaft!
 48042 | Shoals:2 | Noticed Kirke
 49093 | Shoals:2 | Noticed Polyphemus
 49620 | Shoals:1 | Killed Polyphemus
 50249 | Shoals:2 | Killed Kirke
 50974 | Shoals:2 | Reached skill level 15 in Fighting
 52151 | Shoals:3 | Reached skill level 15 in Armour
 52974 | Shoals:4 | Entered Level 4 of the Shoals
 53387 | Shoals:4 | Noticed Donald
 53416 | Shoals:4 | Killed Donald
 53696 | Shoals:4 | Reached XP level 20. HP: 151/162 MP: 20/29
 53818 | Shoals:4 | Reached skill level 15 in Dodging
 54296 | Shoals:4 | Noticed Ilsuiw
 54580 | Shoals:4 | Killed Ilsuiw
 54836 | Shoals:4 | Noticed Jorgrun
 54852 | Shoals:4 | Killed Jorgrun
 55294 | Shoals:4 | Got a ring of the Octopus King
 55394 | Shoals:4 | Got a barnacled rune of Zot
 56099 | Depths:1 | Found Dokk's Book Shoppe.
 56103 | Depths:1 | Found a gateway to Hell.
 56729 | Depths:1 | Found Taliv's Magic Scroll Shop.
 56731 | Depths:1 | Found Tiptulu's Magic Scroll Shoppe.
 56733 | Depths:1 | Bought a scroll of magic mapping for 63 gold pieces
 56733 | Depths:1 | Bought 3 scrolls of identify for 108 gold pieces
 56733 | Depths:1 | Bought a scroll of blinking for 135 gold pieces
 56733 | Depths:1 | Bought a scroll of identify for 36 gold pieces
 56733 | Depths:1 | Bought a scroll of magic mapping for 63 gold pieces
 56733 | Depths:1 | Bought a scroll of teleportation for 54 gold pieces
 56736 | Depths:1 | Bought a scroll of holy word for 97 gold pieces
 56850 | D:15     | Reached skill level 15 in Shields
 56973 | Vaults:1 | Entered Level 1 of the Vaults
 57095 | Vaults:1 | Paralysed by a hornet for 4 turns
 57903 | Vaults:1 | Reached skill level 15 in Long Blades
 57908 | Vaults:1 | Noticed a Brimstone Fiend
 58441 | Vaults:1 | Noticed a lich
 58470 | Vaults:1 | Killed a lich
 58670 | D:14     | Reached XP level 21. HP: 142/168 MP: 18/30
 60065 | Depths:1 | Reached skill level 16 in Long Blades
 60370 | Depths:1 | Found Vuyqaom's Armour Shoppe.
 60493 | Depths:1 | Found Ustrez's Jewellery Shop.
 61095 | Depths:2 | Found a runed door.
 61100 | Depths:2 | Noticed a golden dragon
 61752 | Vaults:1 | Reached skill level 15 in Invocations
 62565 | Vaults:1 | Identified a ring of the Octopus King {SustAt AC+1 EV+1 Str+1 Int+1 Dex+1} (You took it off a siren on level 4 of the Shoals)
 63514 | Vaults:2 | Reached XP level 22. HP: 157/175 MP: 22/33
 66492 | Vaults:3 | Found a staircase to the Crypt.
 67612 | Vaults:3 | Upgraded the game from 0.18-a0-382-gd7addec to 0.18-a0-481-g9a22f0c
 68255 | Vaults:4 | Found a magical portal.
 68273 | WizLab   | Entered The Hall of Atyirouhoa the Hellbinder
 69374 | WizLab   | Reached skill level 17 in Fighting
 69822 | WizLab   | Found a burning altar of Makhleb.
 69836 | WizLab   | Identified a +0 rod of shadows (14/14) (You found it in a wizard's laboratory)
 69838 | WizLab   | Identified the Almanac of the Eight Mice (You found it in a wizard's laboratory)
 69847 | WizLab   | Identified Sif Muna's Handbook of Summoning and Displacement (You found it in a wizard's laboratory)
 69874 | WizLab   | Got a flickering jade ring
 69875 | WizLab   | Identified the ring of Beryll {Fire Fragile rN++ Int+3} (You found it in a wizard's laboratory)
 70033 | Vaults:4 | Reached XP level 23. HP: 135/188 MP: 26/35
 70263 | Vaults:4 | Got an ichor-stained quick blade
 70264 | Vaults:4 | Identified the +10 quick blade of the Many Orbs {pierce, Int+6} (You found it on level 4 of the Vaults)
 71260 | Vaults:4 | Reached skill level 18 in Fighting
 71433 | Vaults:5 | Entered Level 5 of the Vaults
 74209 | Vaults:5 | Noticed an ancient lich
 74224 | Vaults:4 | Reached XP level 24. HP: 163/197 MP: 26/35
 74802 | Vaults:5 | Found Reidenij's Antique Weapon Shop.
 75883 | Vaults:5 | Cast into level 3 of the Abyss (vault warden)
 75894 | Abyss:3  | Found a corrupted altar of Lugonu.
 76479 | Abyss:3  | Noticed an ancient lich
 76492 | Abyss:3  | Killed an ancient lich
 77409 | Abyss:3  | Found a shadowy altar of Dithmenos.
 77533 | Abyss:3  | Found a shadowy altar of Dithmenos.
 78048 | Abyss:3  | Reached XP level 25. HP: 85/204 MP: 23/35
 78133 | Abyss:3  | Paralysed by accursed screaming for 1 turns
 78142 | Abyss:3  | Paralysed by accursed screaming for 2 turns
 78663 | Abyss:3  | Got an abyssal rune of Zot
 79371 | Abyss:3  | Found a corrupted altar of Lugonu.
 79442 | Abyss:3  | Paralysed by accursed screaming for 1 turns
 79454 | Vaults:5 | Escaped the Abyss
 80029 | Vaults:4 | Got an ancient whip {distort}
 80029 | Vaults:4 | Got an ichor-stained longbow
 80030 | Vaults:4 | Identified the cursed +1 whip of Egegaj {distort, Dex+7} (You took it off an orc on level 4 of the Vaults)
 80031 | Vaults:4 | Identified the +5 longbow "Beqis" {freeze, MR+ Str+6} (You took it off an orc on level 4 of the Vaults)
 80110 | Vaults:5 | Killed an ancient lich
 80132 | Vaults:5 | HP: 4/204 [stone giant/large rock (12)]
 80342 | Vaults:5 | Reached skill level 19 in Armour
 81573 | Vaults:5 | Got a dazzling shield
 81574 | Vaults:5 | Identified the +4 shield "Magrirev" {*Corrode rN+ Str+2 Dex+7} (You took it off an orc on level 5 of the Vaults)
 81652 | Vaults:5 | Got a silver rune of Zot
 82380 | Vaults:4 | Reached skill level 20 in Armour
 82979 | Vaults:5 | Reached XP level 26. HP: 211/211 MP: 35/35
 83267 | Vaults:5 | Got a topaz-encrusted crystal plate armour
 83280 | Vaults:5 | Identified the cursed +1 crystal plate armour of Amorality {Int+4} (You took it off an orc warrior on level 5 of the Vaults)
 84632 | Depths:2 | Found a one-way gate leading to the halls of Pandemonium.
 85028 | Depths:2 | Found Fugyokh's Jewellery Boutique.
 85539 | Depths:2 | Found Xuqed's Assorted Antiques.
 85582 | Depths:2 | Bought a potion of heal wounds for 155 gold pieces
 85582 | Depths:2 | Bought a potion of heal wounds for 155 gold pieces
 85582 | Depths:2 | Bought a scroll of teleportation for 93 gold pieces
 86633 | Depths:1 | Bought the cursed +0 pair of gloves of the Vestibule of Hell {MR+ Str+3} for 265 gold pieces
 86698 | Depths:2 | Found a runed door.
 86711 | Depths:2 | Found a runed door.
 86719 | Depths:2 | Found a runed door.
 86772 | Depths:2 | Got a sparkling platinum ring
 86773 | Depths:2 | Identified the ring "Wireywk" {*Confuse rC+ EV+3 Str+7 Stlth+} (You found it on level 2 of the Depths)
 86779 | Depths:2 | Identified a +2 pair of boots of running (You found it on level 2 of the Depths)
 87144 | Elf:1    | Entered Level 1 of the Elven Halls
 87679 | Elf:1    | Noticed Frances
 87699 | Elf:1    | Killed Frances
 89072 | Elf:2    | Found a runed gate.
 89072 | Elf:2    | Found a runed gate.
 89073 | Elf:2    | Found a runed gate.
 89313 | Elf:2    | Got a warped mace
 89314 | Elf:2    | Identified the +7 mace "Womack" {freeze, rF+} (You found it on level 2 of the Elven Halls)
 89345 | Elf:3    | Entered Level 3 of the Elven Halls
 90342 | Vaults:1 | Reached XP level 27. HP: 184/217 MP: 20/35
 90897 | Depths:1 | Bought a scroll of enchant weapon for 97 gold pieces
 90897 | Depths:1 | Bought a scroll of recharging for 123 gold pieces
 90897 | Depths:1 | Bought a scroll of enchant weapon for 97 gold pieces
 92159 | Elf:3    | Got a pair of ichor-stained boots
 92160 | Elf:3    | Identified the +0 pair of boots of Fortitude {-Tele rN+ Stlth+} (You found it on level 3 of the Elven Halls)
 92212 | Elf:3    | Got a clouded garnet amulet
 92260 | Elf:3    | Identified the amulet "Vump" {Gourm -Tele rElec Str+5} (You found it on level 3 of the Elven Halls)
 92264 | Elf:3    | Identified a +4 rod of shadows (12/12) (You found it on level 3 of the Elven Halls)
 92277 | Elf:3    | Got an ancient demon blade
 92278 | Elf:3    | Identified the +8 demon blade of Satyriasis {elec, MP+9} (You found it on level 3 of the Elven Halls)
 95074 | Depths:3 | Found a portal to a secret trove of treasure.
 95144 | Depths:1 | Bought 3 scrolls of acquirement for 2808 gold pieces
 95356 | Depths:3 | You paid a toll of 2 scrolls of acquirement to enter a treasure trove
 95357 | Trove    | Entered a treasure trove
 96052 | Depths:3 | Got a scorched helmet
 96053 | Depths:3 | Identified the +2 helmet of Weightlessness {rC- rCorr Int+3 Dex+5} (You found it on level 3 of the Depths)
 96206 | Depths:3 | Noticed Norris
 96245 | Depths:3 | Killed Norris
 96832 | Depths:4 | Found Nogaibb's Distillery.
 96837 | Depths:4 | Bought a potion of berserk rage for 55 gold pieces
 96837 | Depths:4 | Bought a potion of might for 44 gold pieces
 96837 | Depths:4 | Bought a potion of curing for 33 gold pieces
 96984 | Depths:4 | Found a one-way gate to the infinite horrors of the Abyss.
 97212 | Depths:4 | Noticed Mara
 97243 | Depths:4 | Killed Mara
 97263 | Depths:4 | Found a gateway to a ziggurat.
 98965 | Shoals:4 | Got a warped great sword {flame}
 98966 | Shoals:4 | Identified the +5 great sword "Hocro" {flame, +Fly Int+4 Dex+7} (You took it off a merfolk impaler on level 4 of the Shoals)
 99833 | Depths:4 | Found a runed door.
100201 | Depths:4 | Found a runed door.
100206 | Depths:4 | Noticed a juggernaut
100238 | Depths:4 | Killed a juggernaut
101175 | Depths:5 | Entered Level 5 of the Depths
101752 | Depths:5 | Found a gate to the Realm of Zot.
102365 | Zot:1    | Entered Level 1 of the Realm of Zot
106507 | Zot:5    | Entered Level 5 of the Realm of Zot
106557 | Zot:5    | Reached skill level 21 in Armour
106743 | Zot:5    | Noticed an ancient lich
106753 | Zot:5    | Killed an ancient lich
106832 | Zot:5    | Noticed an ancient lich
106833 | Zot:5    | Noticed an orb of fire
106886 | Zot:5    | Killed an ancient lich
106893 | Zot:5    | Noticed Leszczynek's ghost (legendary GrFi)
107295 | Zot:4    | Reached skill level 22 in Armour
107502 | Zot:5    | Killed an orb of fire
108455 | Zot:5    | Reached skill level 23 in Armour
108469 | Zot:5    | Got the Orb of Zot
108487 | Zot:5    | Noticed Vabenk the pandemonium lord
108717 | Depths:4 | Noticed Tegif the pandemonium lord
108745 | Depths:4 | Killed Tegif the pandemonium lord
108932 | D:13     | Noticed Iteataroe the pandemonium lord
109158 | D:$      | Escaped with the Orb!

Vault maps used:
D:1:      moated_graveyard_arrival
D:2:      gammafunk_temple_overflow_forgotten, grunt_decor_fettered,
          grunt_ministairs_2, grunt_dithmenos_smoke_and_mirrors, uniq_sigmund
D:3:      uniq_terence
D:4:      lemuel_crystal_altar, first_bread, uniq_grinder, uniq_eustachio,
          uniq_crazy_yiuf_cottage, uniq_duvessa
D:5:      lemuel_crystal_altar
D:6:      grunt_temple_overflow_lords_of_destruction, marbit_many_paths,
          xom_teletrap_fun, temple_hall, serial_shops, shop_statue,
          item_on_display_a
D:7:      old_standard_altar, grunt_ogre_cave, grunt_decor_cap,
          grunt_ministairs_4, tso_altar
D:8:      cheibrodos_stairvault_heist, ashenzari_altar_1, uniq_pikel,
          uniq_erolcha
D:9:      cheibriados_altar_wand_db
D:10:     erik_lair_orcish_takeover, minivault_11
D:11:     uniq_maud
D:12:     david_orc_4, serial_shops, shop
D:13:     kennysheep_nondescript, minivault_8
D:14:     david_vaults_5, serial_shops, shop, minmay_misc_feat_columns,
          grunt_qazlal_clouds
D:15:     hangedman_depths_entry_try_elsewhere_first, serial_shops,
          nicolae_shop_waterfront, roderic_filled_cross, laboratory
Temple:   minmay_temple_bridge_a_8
Lair:1:   worms_lemuel, grunt_megastairs_3, lemuel_fruit_tree
Lair:2:   uniq_nergalle
Lair:3:   minmay_stone_trees_small, small_statue_intersection,
          infiniplex_staircase_pool_2
Lair:4:   forest_entry_grove
Lair:5:   nicolae_volcano_entry_hallway, nicolae_quartered_pool_little,
          beast_lair_carwin_10
Lair:6:   elwin_shoals_entry_rocks, spider_nest_entry_funnel_web
Lair:7:   slime_altar_1, grunt_megastairs_4
Lair:8:   due_jungle_book, special_room, minivault_25, nicolae_lair_yak_garden
Shoals:1: serial_shops, nicolae_shop_temple_entry_statues_fountains,
          nicolae_shoals_cliffside_cave, uniq_josephine
Shoals:2: uniq_kirke, uniq_polyphemus
Shoals:3: cheibrodos_shoals_roost
Shoals:4: shoals_end_simple, shoal_ilsuiw, uniq_jorgrun, uniq_donald
Spider:1: hangedman_spider_tarantella_strand
Spider:2: uniq_nikola
Spider:3: uniq_arachne
Spider:4: spider_rune_water
Orc:1:    serial_shops, shop, portal_ice_cave_entry_animals_and_master,
          amalloy_card_club
Orc:2:    basic_altar
Orc:3:    nicolae_orc_pool_cavern
Orc:4:    st_orc_congregation, serial_shops, shop, mines2_lemuel
Elf:1:    minmay_elf_arrival_summoners, kennysheep_underground_church,
          uniq_frances
Elf:3:    minmay_elf_hall
Vaults:1: st_greater_box_2, hangedman_vaults_stream,
          nicolae_vaults_disjoint_gnomons, nicolae_vaults_circle_grid_b,
          grunt_vaults_bifocal, v_misc_12, v_misc_5, vaults_room_door_ring,
          v_misc_13, nicolae_vaults_three_branches, v_misc_3,
          ontoclasm_vaults_gateway
Vaults:2: vaults_mumra_hexcomb, nicolae_vaults_murderbox,
          hangedman_vaults_variations, vaults_room_fours, v_misc_23,
          vaults_room_octagon, v_pattern_4, v_misc_2,
          vaults_room_grunt_arrival_ludios, nicolae_vaults_little_squares_4
Vaults:3: minmay_crypt_entry_simple_box, vaults_room_door_ring,
          vaults_room_pool, nicolae_vaults_little_squares_3,
          hangedman_vaults_trim, ontoclasm_vaults_fault,
          hangedman_vaults_stretched_pinwheel, v_rooms_6,
          ontoclasm_vaults_ligature, vaults_room_fancy_cross, vaults_room_fours,
          nicolae_vaults_little_squares_1
Vaults:4: nicolae_vaults_border_crossing, v_rooms_5, hangedman_vaults_locks,
          vaults_room_door_hall, ontoclasm_vaults_spin,
          nicolae_vaults_circle_grid_b, hangedman_vaults_corner_blocks,
          vaults_dpeg_spiral, vaults_room_corners, nicolae_vaults_statue_guard,
          v_misc_13, v_misc_8, vaults_dpeg_hooks, infiniplex_enter_wizlab_water
Depths:1: minmay_misc_feat_ornament, serial_shops, shop, shop, shop, shop,
          nicolae_shop_waterfront, hell_entry, minmay_fountain_box,
          serial_bayou_pond_e, grunt_absolute_annihilation
Depths:2: impenetrable_vault, pan_entry, pf_vacation_house_of_asmodeus,
          minmay_misc_feat_alley, serial_shops, shop,
          nicolae_shop_temple_entry_statues_fountains,
          infiniplex_staircase_hallway_doors
Depths:3: minmay_split_circle, rand_demon_pan_entry_3, enter_trove_0,
          hell_entry, minmay_misc_feat_chi, roderic_lattice_a, uniq_norris
Depths:4: thingy_vault_2, enter_ziggurat_d, serial_shops, shop,
          dk_noncrumbling_3, abyss_entry, hell_entry, serial_corexii_hall,
          corexii_hall_statues_s, corexii_hall_statues_i,
          grunt_pan_entry_spiral, minmay_staircase_bubble, uniq_mara
Depths:5: evilmike_zot_entry_diamond, serial_sigils,
          serial_sigils_hangedman_writhe, serial_sigils_hangedman_etch,
          serial_sigils_hangedman_clutch, serial_sigils_hangedman_carve,
          hangedman_coc_ice_floe, minmay_misc_feat_more_columns
Zot:2:    kennysheep_ambush_hall, bh_zot_levy_curve
Zot:3:    lemuel_elevator
Abyss:3:  evilmike_abyss_exit_vortex, hangedman_abyss_rune_macabre_mess,
          kilobyte_mutagenic_chamber
Trove:    trove_garden
Volcano:  volcano_lake
WizLab:   wizlab_demon

Action                   |  1- 3 |  4- 6 |  7- 9 | 10-12 | 13-15 | 16-18 | 19-21 | 22-24 | 25-27 || total
-------------------------+-------+-------+-------+-------+-------+-------+-------+-------+-------++-------
Melee: Long sword        |   133 |   172 |    74 |       |    22 |   292 |   124 |   382 |   308 ||  1507
       Falchion          |       |       |   239 |   969 |  2115 |  2771 |  2906 |  1694 |  1593 || 12287
       Scimitar          |       |       |       |       |       |       |       |   634 |   197 ||   831
       Double sword      |       |       |       |       |       |       |       |       |  2444 ||  2444
       Eudemon blade     |       |       |       |       |       |       |       |       |   240 ||   240
 Fire: Blowgun           |       |    12 |    37 |    91 |    55 |       |       |       |       ||   195
Invok: Recite            |       |       |    25 |    19 |    32 |    52 |    99 |    61 |    71 ||   359
       Vitalisation      |       |       |       |     3 |    13 |    32 |    41 |    53 |   116 ||   258
       Sanctuary         |       |       |       |       |       |       |     1 |     1 |     2 ||     4
 Abil: Evoke Blink       |       |       |       |       |       |       |     4 |     1 |     1 ||     6
Evoke: Wand              |       |       |       |       |       |     1 |       |       |    14 ||    15
  Use: Potion            |     1 |     8 |       |     3 |     4 |     3 |     7 |    11 |    16 ||    53
       Scroll            |       |     8 |     3 |    13 |     2 |    10 |     8 |    16 |    60 ||   120
 Stab: Confused          |       |       |     1 |     5 |     6 |    21 |    28 |    35 |    54 ||   150
       Invisible         |       |       |       |     4 |     6 |    29 |    17 |     1 |       ||    57
       Paralysed         |       |       |       |       |    27 |    43 |     2 |    10 |    15 ||    97
       Distracted        |       |       |       |       |       |       |       |     2 |     1 ||     3
       Petrifying        |       |       |       |       |       |       |       |       |     1 ||     1
  Eat: Chunk             |     2 |     7 |    11 |    26 |    32 |    10 |     9 |     3 |    15 ||   115
       Pizza             |       |       |       |     1 |       |     3 |       |     2 |     1 ||     7
       Meat ration       |       |       |       |     1 |     2 |     3 |     5 |       |     7 ||    18
       Fruit             |       |       |       |     1 |       |    35 |     3 |     3 |     7 ||    49
       Beef jerky        |       |       |       |     3 |     3 |     4 |     6 |       |     5 ||    21
       Bread ration      |       |       |       |       |       |       |     3 |     9 |    12 ||    24
